 Dungeon Crawl Stone Soup version 0.30.1-11-g7821555f0a (webtiles) character file.

Game seed: 2693722667643720701

422 Peloso the Covered (level 6, -9/53 HPs)
             Began as a Minotaur Fighter on Jan 10, 2024.
             Mangled by Prince Ribbit (16 damage)
             ... on level 5 of the Dungeon.
             The game lasted 00:05:07 (2620 turns).

Peloso the Covered (Minotaur Fighter)               Turns: 2620, Time: 00:05:08

Health: -9/53      AC:  8    Str: 24    XL:     6   Next: 63%
Magic:  5/5        EV: 10    Int:  5    God:
Gold:   158        SH:  5    Dex: 11    Spells: 5/5 levels left

rFire   . . .        a - +0 long sword
rCold   . . .        c - +0 buckler
rNeg    . . .        b - +0 scale mail
rPois   .            (helmet restricted)
rElec   .            (no cloak)
rCorr   .            g - +0 pair of gloves {Str+3}
SInv    .            (no boots)
Will    .....        (no amulet) Stlth
                     (no ring)
HPRegen 0.28/turn    (no ring)
MPRegen 0.09/turn

%: no passive effects
@: lethally poisoned (-9 -> -12)
A: horns 2, retaliatory headbutt
a: no special abilities


You were on level 5 of the Dungeon.
You visited 2 branches of the dungeon, and saw 6 of its levels.

You collected 158 gold pieces.

Inventory:

Hand Weapons
 a - a +0 long sword (weapon)
Armour
 b - a +0 scale mail (worn)
 c - a +0 buckler (worn)
 g - a +0 pair of gloves of strength (worn)
Jewellery
 l - a ring of fire
 s - a ring of ice
Wands
 h - a wand of flame (19)
 n - a wand of roots (2)
 p - a wand of acid (10)
Scrolls
 f - 4 scrolls of identify
 i - a scroll of magic mapping {unknown}
 j - a scroll of blinking {unknown}
 k - a scroll of immolation
 o - a scroll of amnesia {unknown}
 u - a scroll of torment {unknown}
Potions
 d - a potion of might
 e - a potion of resistance
 m - a potion of cancellation
 q - a potion of ambrosia
 t - a potion of invisibility


   Skills:
 + Level 4.7 Fighting
 + Level 5.1 Long Blades
 + Level 5.7 Armour
 + Level 2.0 Dodging
 + Level 0.3 Stealth
 + Level 4.7 Shields
 + Level 0.2 Evocations


You had 5 spell levels left.
You didn't know any spells.
Your spell library contained the following spells:

 Spells                   Type           Power      Damage    Failure   Level
 Ensorcelled Hibernation  Hex/Ice        0%         N/A       91%         2
 Passwall                 Tmut/Erth      0%         N/A       91%         2
 Swiftness                Air            0%         N/A       99%         3


Dungeon Overview and Level Annotations

Branches:
Dungeon (5/15)             Temple (1/1) D:4

Altars:
Ashenzari
Cheibriados
Dithmenos
Gozag
Kikubaaqudgha
Makhleb
Qazlal
Ru
Sif Muna
Trog
Wu Jian
Xom
Yredelemnul
The Shining One

Annotations:
D:5 Prince Ribbit


Innate Abilities, Weirdness & Mutations

You have a pair of horns on your head.
You reflexively headbutt those who attack you in melee.


Message History

Prince Ribbit hits you but does no damage.
The adder bites you but does no damage.
Unknown command.
You closely miss Prince Ribbit.
Prince Ribbit is heavily wounded.
You feel sick.
You are no longer poisoned.
Prince Ribbit hits you. The adder bites you but does no damage.
Prince Ribbit hits you!
You hit Prince Ribbit.
Prince Ribbit is heavily wounded.
The adder barely misses you. You furiously retaliate!
You headbutt the adder.
Prince Ribbit croaks regally.
You block Prince Ribbit's attack. The adder bites you but does no damage.
You barely miss Prince Ribbit.
Prince Ribbit is heavily wounded.
Prince Ribbit hits you but does no damage.
You block the adder's attack.
Prince Ribbit lets out a mournful croak.
Prince Ribbit hits you!
You slash Prince Ribbit!
Prince Ribbit is severely wounded.
The adder bites you.
You are poisoned.
The adder poisons you! Prince Ribbit closely misses you.
You furiously retaliate!
You headbutt Prince Ribbit. You block the adder's attack.
You hit Prince Ribbit but do no damage.
Prince Ribbit is almost dead.
You feel sick. Prince Ribbit hits you!
* * * LOW HITPOINT WARNING * * *
The adder closely misses you. Prince Ribbit hits you.
* * * LOW HITPOINT WARNING * * *
Unknown command.
You closely miss Prince Ribbit.
Prince Ribbit is almost dead.
You feel sick. The adder bites you but does no damage.
Prince Ribbit hits you but does no damage.
You block the adder's attack. Prince Ribbit hits you!
You die...

#######
################.....####.
#........F@S...#.P.P......
######.############.#.._F.#....
#......# #...P.P...# #.######
#.........# #.# ####......# #.#
####.#(# #)# # #.# #.#


You could see Prince Ribbit and an adder.

Vanquished Creatures
  2 ogres (D:4)
  A hound (D:4)
  2 iguanas (D:4)
  An orc wizard (D:4)
  5 gnolls
  4 adders
  2 worms
  3 dart slugs
  5 orcs
  A bat (D:3)
  5 endoplasms
  A giant cockroach (D:1)
  6 goblins
  3 hobgoblins
  4 jackals (D:1)
  5 kobolds
  5 ball pythons
  8 frilled lizards
  3 rats
66 creatures vanquished.

Notes
Turn   | Place    | Note
-------+----------+-------------------------------------------
     0 | D:1      | Peloso the Minotaur Fighter began the quest for the Orb.
     0 | D:1      | Reached XP level 1. HP: 19/19 MP: 0/0
    85 | D:1      | Reached XP level 2. HP: 26/27 MP: 1/1
   560 | D:1      | Reached XP level 3. HP: 22/33 MP: 2/2
   786 | D:2      | Found a shimmering altar of Xom.
  1213 | D:2      | Reached XP level 4. HP: 35/40 MP: 3/3
  1222 | D:2      | Reached skill level 1 in Dodging
  1932 | D:3      | Noticed an ogre
  2034 | D:4      | Reached skill level 5 in Armour
  2034 | D:4      | Reached XP level 5. HP: 47/47 MP: 4/4
  2083 | D:4      | Found an opulent altar of Gozag.
  2100 | D:4      | Noticed an ogre
  2108 | D:4      | Killed an ogre
  2116 | D:4      | Noticed an ogre
  2137 | D:4      | Reached XP level 6. HP: 44/53 MP: 5/5
  2164 | D:4      | Reached skill level 5 in Long Blades
  2233 | D:4      | Found a staircase to the Ecumenical Temple.
  2241 | Temple   | Entered the Ecumenical Temple
  2251 | D:4      | Found a snail-covered altar of Cheibriados.
  2537 | D:5      | Entered Level 5 of the Dungeon
  2592 | D:5      | Found a basalt altar of Yredelemnul.
  2597 | D:5      | Noticed Prince Ribbit
  2620 | D:5      | Mangled by Prince Ribbit

Illustrated notes

Levels and vault maps discovered:
D:1:      scummos_arrival_hexagon, layout_basic
D:2:      layout_loops_cross, basic_altar, chequers_serial_rivers_micro_d,
          roderic_serpentine_path
D:3:      layout_basic, basic_ecumenical_altar, grunt_ministairs_15,
          uniq_terence
D:4:      layout_cave_pools, mainiacjoe_overflow_cross_hatched,
          kennysheep_slug_shrine, minmay_temple_entry_grid, minmay_lizard_king
D:5:      layout_loops_ring, kennysheep_little_box, yredelemnul_altar_generic,
          kennysheep_mini, hangedman_glass_teeth, st_stairs_8,
          uniq_prince_ribbit1
Temple:   minmay_freezing_vapour_temple

Skill      XL: |  1  2  3  4  5  6 |
---------------+-------------------+-----
Fighting       | 4 |  4.7
Armour         | 4 5 |  5.7
Shields        | 4 |  4.7
Long Blades    | 3 4 5 |  5.1
Dodging        | 1 2 |  2.0
Stealth        | |  0.3
Evocations     | |  0.2

Action                     |  1- 3 |  4- 6 || total
---------------------------+-------+-------++-------
  Melee: Long sword        |    79 |    97 ||   176
         Headbutt          |    11 |     8 ||    19
  Evoke: Wand              |       |     7 ||     7
    Use: Potion            |     3 |       ||     3
         Scroll            |     1 |     5 ||     6
 Armour: Scale mail        |    43 |    56 ||    99
  Dodge: Dodged            |    47 |    74 ||   121
  Block: Buckler           |    21 |    27 ||    48
